 Dungeon Crawl Stone Soup version 0.25.1-2-g60ff931df9 (webtiles) character file.

Game seed: 10087561878450691143

83 DearestLeader the Digger (level 4, -5/24 HPs)
             Began as a Gargoyle Earth Elementalist on Nov 13, 2020.
             Slain by a gnoll
             ... wielding a +0 flail
              (8 damage)
             ... on level 2 of the Dungeon.
             The game lasted 00:03:57 (1510 turns).

DearestLeader the Digger (GrEE)                     Turns: 1510, Time: 00:03:58

Health: -5/24      AC:  5    Str: 11    XL:     4   Next: 44%
Magic:  7/7        EV: 12    Int: 17    God:
Gold:   19         SH:  0    Dex: 10    Spells: 6/7 levels left

rFire    . . .     SeeInvis .   e - +0 dagger
rCold    . . .     Gourm    .   (no shield)
rNeg     + . .     Faith    .   c - +0 robe
rPois    ∞         Spirit   .   (no helmet)
rElec    +         Reflect  .   (no cloak)
rCorr    .         Harm     .   (no gloves)
MR       .....                  (no boots)
Stlth    ++........             (no amulet)
HPRegen  0.08/turn              (no ring)
MPRegen  0.10/turn              (no ring)

@: no status effects
A: negative energy resistance 1, electricity resistance, unbreathing,
petrification resistance, rot immunity, AC +3
a: no special abilities


You were on level 2 of the Dungeon.
You were hungry.

You visited 1 branch of the dungeon, and saw 2 of its levels.

You collected 19 gold pieces.

Inventory:

Hand Weapons
 e - a +0 dagger (weapon)
Armour
 c - a +0 robe (worn)
Scrolls
 a - 2 scrolls of identify
 f - a scroll of enchant armour {unknown}
 g - a scroll of fear {unknown}
 j - 2 scrolls of remove curse
Potions
 h - a potion of magic {unknown}
 i - a potion of might {unknown}
Comestibles
 d - 4 rations
 k - 4 chunks of flesh


   Skills:
 - Level 1.5 Dodging
 - Level 2.1 Stealth
 - Level 2.0 Spellcasting
   Level 0.7 Transmutations
 * Level 6.2 Earth Magic


You had 6 spell levels left.
You knew the following spells:

 Your Spells              Type           Power        Failure   Level  Hunger
a - Sandblast             Erth           ###...       1%          1    #......

Your spell library contained the following spells:

 Spells                   Type           Power        Failure   Level  Hunger
 Passwall                 Tmut/Erth      ##......     7%          2    ###....
 Stone Arrow              Conj/Erth      ##....       16%         3    ###....
 Lee's Rapid Deconstruct  Erth           ###.......   38%         5    ######.
 Petrify                  Tmut/Erth      ##......     43%         4    #####..


Dungeon Overview and Level Annotations

Branches:
Dungeon (2/15)

Altars:


Innate Abilities, Weirdness & Mutations

You are resistant to torment.
Your stone body is resilient. (AC +3)
You are immune to poison.
You resist negative energy. (rN+)
You are resistant to electric shocks. (rElec)
You can survive without breathing.
You are immune to petrification.
You are immune to rotting.


Message History

You barely miss the gnoll.
The gnoll is lightly wounded.
You hit the gnoll but do no damage.
The gnoll is lightly wounded.
The gnoll barely misses you.
You hit the gnoll but do no damage.
The gnoll is lightly wounded.
The gnoll barely misses you.
You hit the gnoll.
The gnoll is moderately wounded.
The gnoll hits you with a +0 flail.
* * * LOW HITPOINT WARNING * * *
You barely miss the gnoll.
The gnoll is moderately wounded.
The gnoll hits you with a +0 flail.
* * * LOW HITPOINT WARNING * * *
You hit the gnoll.
The gnoll is heavily wounded.
The gnoll hits you with a +0 flail!
You die...

### ##.## .########.#>##
.......>)###)##
.....##.## ##.## ####
#.### ##.#
####.##..####.###########
..........##...g@)......#
..J.......#..###.######.#
.....####.#.# #.# #.#
..... .## #.# #.# .... .#
#)# #.######### .### .
#.# #.......... . #.#
##########. #.# #. #.# #<


You could see a gnoll.

Vanquished Creatures
  5 gnolls (D:2)
  8 bats (D:1)
  A giant cockroach (D:1)
  8 goblins
  A hobgoblin (D:1)
  4 jackals (D:1)
  A kobold (D:1)
  2 ball pythons
  2 frilled lizards (D:1)
  5 rats (D:1)
37 creatures vanquished.

Notes
Turn   | Place    | Note
-------+----------+-------------------------------------------
     0 | D:1      | DearestLeader the Gargoyle Earth Elementalist began the
                  | quest for the Orb.
     0 | D:1      | Reached XP level 1. HP: 10/10 MP: 3/3
    69 | D:1      | Reached skill level 4 in Earth Magic
    93 | D:1      | Reached XP level 2. HP: 10/15 MP: 0/5
   710 | D:1      | Reached XP level 3. HP: 17/19 MP: 6/6
   712 | D:1      | Reached skill level 5 in Earth Magic
  1309 | D:2      | Reached XP level 4. HP: 24/24 MP: 1/7
  1338 | D:2      | Reached skill level 6 in Earth Magic
  1510 | D:2      | Slain by a gnoll

Illustrated notes

Levels and vault maps discovered:
D:1:      dpeg_arrival_tiny_i, layout_rooms
D:2:      minmay_skewed_foursquare, layout_loops_ring, lemuel_crystal_altar,
          gammafunk_temple_overflow_claw, nicolae_qazlal_eye_of_the_storm,
          lemuel_doored_altar, chequers_ecumenical_altar_twisty

Skill      XL: |  1  2  3  4 |
---------------+-------------+-----
Earth Magic    | 4 5 6 |  6.2
Dodging        | |  1.5
Stealth        | |  2.1
Spellcasting   | |  2.0
Transmutations | |  0.7

Action                   |  1- 3 |  4- 6 || total
-------------------------+-------+-------++-------
Melee: Unarmed           |    26 |       ||    26
       Dagger            |    76 |    24 ||   100
 Cast: Sandblast         |    24 |     6 ||    30
  Use: Scroll            |       |     1 ||     1
  Eat: Chunk             |     2 |       ||     2
Armor: Robe              |    58 |     4 ||    62
Dodge: Dodged            |   126 |    20 ||   146
